 Dungeon Crawl Stone Soup version 0.29.1-12-g30fa7ad0bf (webtiles) character file.

Game seed: 13632952190171739782

18564 unlimited1921 the Thaumaturge (level 12, -8/82 HPs)
             Began as a Djinni Fire Elementalist on Jan 12, 2023.
             Mangled by a blink frog (12 damage)
             ... on level 2 of the Lair of Beasts.
             The game lasted 01:28:30 (20009 turns).

unlimited1921 the Thaumaturge (DjFE)               Turns: 20009, Time: 01:28:31

Health: -8/82      AC: 10    Str:  7    XL:     12   Next: 96%
Gold:   700        EV: 16    Int: 23    God:
                   SH:  0    Dex: 13

rFire   + + +      SeeInvis .   K - +2 arbalest (venom)
rCold   x . .      Faith    .   (shield currently unavailable)
rNeg    . . .      Spirit   .   B - +2 leather armour {rF+}
rPois   ∞          Reflect  .   v - +0 helmet
rElec   .          Harm     .   (no cloak)
rCorr   .          Rampage  .   (no gloves)
Will    +....                   (boots unavailable)
Stlth   ++........              (no amulet)
HPRegen 0.23/turn               c - +4 ring of evasion
MPRegen 0.00/turn               n - +4 ring of protection

@: flying
A: sickness immunity, fire resistance 2, cold vulnerability 1, float, innate
caster, HP casting, extra vitality 1
a: no special abilities


You were on level 2 of the Lair of Beasts.
You visited 2 branches of the dungeon, and saw 11 of its levels.
You also visited: Ossuary.

You collected 700 gold pieces.

Inventory:

Hand Weapons
 a - a +2 vorpal falchion
 f - a +4 dagger
 y - a +0 shortbow
 E - a +2 dagger of chaos
 G - a +0 flail of protection
 K - a +2 arbalest of venom (weapon)
 L - a +1 rapier of pain
 M - a +0 whip of electrocution
 O - a +4 flail
Missiles
 d - 15 curare-tipped darts
 I - 3 silver javelins
Armour
 v - a +0 helmet (worn)
 B - a +2 leather armour of fire resistance (worn)
 H - a +0 cloak of poison resistance
Jewellery
 c - a +4 ring of evasion (left hand)
 l - a ring of protection from cold
 n - a +4 ring of protection (right hand)
Wands
 o - a wand of flame (13)
 p - a wand of polymorph (22)
 u - a wand of paralysis (21)
 w - a wand of quicksilver (1) (quivered)
 x - a wand of mindburst (17)
Scrolls
 b - 5 scrolls of immolation
 j - 2 scrolls of blinking {unknown}
 k - a scroll of poison
 t - a scroll of fear
 A - 4 scrolls of butterflies
 F - 2 scrolls of brand weapon
 P - a scroll of acquirement {unknown}
 Q - a scroll of magic mapping
 R - a scroll of teleportation
Potions
 e - 4 potions of brilliance {unknown}
 g - 3 potions of mutation {unknown}
 i - a potion of might {unknown}
 m - a potion of cancellation {unknown}
 q - a potion of resistance
 r - 4 potions of degeneration {unknown}
 s - 3 potions of berserk rage {unknown}
 z - 2 potions of heal wounds {unknown}
 C - a potion of flight {unknown}
 D - 4 potions of lignification {unknown}
 N - a potion of invisibility {unknown}


   Skills:
 + Level 5.9 Fighting
 + Level 8.5 Ranged Weapons
 + Level 4.6 Armour
 + Level 4.3 Dodging
 + Level 4.2 Stealth
 + Level 11.8 Spellcasting
 + Level 1.3 Evocations


You had 8 spell levels left.
You knew the following spells:

 Your Spells              Type           Power      Damage    Failure   Level
a - Foxfire               Conj/Fire      100%       2x1d9     1%          1
b - Scorch                Fire           100%       2d10      1%          2
c - Conjure Flame         Conj/Fire      62%        6-21      1%          3
d - Inner Flame           Hex/Fire       62%        N/A       1%          3
e - Flame Wave            Conj/Fire      62%        2d14      1%          4
f - Shock                 Conj/Air       100%       1d9       1%          1
g - Wereblood             Tmut           62%        N/A       1%          2
h - Swiftness             Air            62%        N/A       1%          3
i - Summon Guardian Gole  Hex/Summ       62%        N/A       1%          3
j - Ice Form              Ice/Tmut       62%        N/A       1%          4
Your spell library was empty.

Dungeon Overview and Level Annotations

Branches:
Dungeon (8/15)             Temple (0/1) D:4            Lair (3/5) D:8
  Swamp (0/4) Lair:2       Spider (0/4) Lair:2      Ossuary (visited)

Altars:
Ru
Uskayaw
Zin

Shops:
D:1 [   D:5 [


Innate Abilities, Weirdness & Mutations

You are immune to sickness and miasma.
You are immune to poison.
Your flesh is very heat resistant. (rF++)
You are vulnerable to cold. (rC-)
You float through the air rather than walking.
You learn spells naturally, not from books.
Your magical power is your life essence.
You have superior vitality. (+4 MHP)


Message History

* * * LOW HITPOINT WARNING * * *
The blink frog blinks!
A wolf spider comes into view.
The blink frog barely misses you.
There is an escape hatch in the ceiling here.
The wolf closely misses you.
The blink frog blinks!
The blink frog hits you!
* * * LOW HITPOINT WARNING * * *
The wolf closely misses you.
The blink frog blinks!
A mysterious force pulls you upwards. The hatch slams shut behind you.
You feel better. The blink frog hits you!
* * * LOW HITPOINT WARNING * * *
The wolf barely misses you. The blink frog hits you!
* * * LOW HITPOINT WARNING * * *
The blink frog blinks!
Aiming: Quicksilver Bolt
Press: ? - help, Q - select action, (/) - cycle Shift-Dir - straight line, f - wolf
Aim: a wolf (moderately wounded, 53% to hit)
The bolt of dispelling energy hits the wolf!
You kill the wolf!
The blink frog blinks!
Casting: Flame Wave (mildly dangerous; 1% risk of failure)
Confirm with . or Enter, or press ? or * to list all spells.
Okay, then.
Unknown command.
Aiming: Quicksilver Bolt
Press: ? - help, Q - select action, (/) - cycle Shift-Dir - straight line, f - blink frog
Aim: a blink frog (severely wounded, 50% to hit)
The bolt of dispelling energy misses the blink frog.
The blink frog hits you but does no damage.
The blink frog misses you.
Unknown command.
Aiming: Quicksilver Bolt
Press: ? - help, Q - select action, (/) - cycle Shift-Dir - straight line, f/p - blink frog
Aim: a blink frog (severely wounded, 50% to hit)
The bolt of dispelling energy misses the blink frog.
The blink frog misses you. The blink frog barely misses you.
The blink frog attacks as you move away!
The blink frog hits you!
You die...

####........>....#
.~......~~~...~~~##
~.......b~.~.~.~~.##
~~~~b...~.~~.~~.~..# ####
≈≈≈≈~....~~~.~~~..## #P.#####
~~~≈b~..........~.## ####.......
..~≈~........P.....####..........
<.~~~~..........F........##P#####
.~≈≈~~..........@....P#######
≈~≈≈~~..........†....P# ##
b≈~~~.......#.P..PP..## #### #.
~~~~~.......#.......P## ###..###.
~.~.......#P#.........###........
....>...#####.........##.........
.......## ##........###..>......
#.....P# ###........###..........
###.######..........####.........


You could see a blink frog.

Vanquished Creatures
  Sonja (Lair:1)
  A fire crab (Lair:1)
  A deep elf pyromancer (D:8)
  A manticore (D:8)
  A cyclops (D:8)
  Joseph (D:7)
  5 cane toads
  An unseen horror (D:8)
  5 komodo dragons
  A rime drake (Lair:1)
  2 polar bears (Lair:1)
  A hornet (D:7)
  Grinder (D:4)
  6 dream sheep (Lair:1)
  8 blink frogs
  A jumping spider (Lair:2)
  Eustachio (D:4)
  A basilisk (Lair:1)
  4 wyverns
  15 yaks
  A steam dragon (D:7)
  A redback (Lair:2)
  Menkaure (D:5)
  An acid dragon (D:8)
  4 water moccasins
  A sky beast (D:7)
  4 ice beasts
  An orc warrior (D:5)
  A black bear (Lair:1)
  2 ogres
  8 wolves
  A phantom (D:5)
  A centaur (D:8)
  7 bullfrogs
  10 kobold brigands
  2 scorpions (D:7)
  A gnoll sergeant (D:8)
  3 necrophages
  4 wights
  A howler monkey (D:8)
  4 centaur zombies (Ossuary)
  2 human zombies (Ossuary)
  2 orc priests
  A hound (D:6)
  2 gnoll boudas
  4 jellies
  3 iguanas
  Natasha (twice) (D:2)
  5 orc wizards
  2 hound zombies (Ossuary)
  3 mummies (Ossuary)
  Robin (D:4)
  19 gnolls
  3 adders
  3 white imps
  An ufetubus (D:4)
  2 adder zombies (Ossuary)
  4 worms
  3 dart slugs
  19 orcs
  11 ball pythons
  7 bats
  3 endoplasms (D:4)
  2 giant cockroaches
  12 goblins
  7 hobgoblins
  8 jackals
  14 kobolds
  3 quokkas
  A frilled lizard (D:1)
  3 gnoll zombies (Ossuary)
  3 goblin zombies (Ossuary)
  3 hobgoblin zombies (Ossuary)
  2 jackal zombies (Ossuary)
  4 kobold zombies (Ossuary)
  4 quokka zombies (Ossuary)
  5 rats
  4 rat zombies (Ossuary)
294 creatures vanquished.

Vanquished Creatures (others)
  A cane toad (Lair:1)
  A kobold demonologist (D:6)
  A blink frog (Lair:1)
  2 kobold brigands (D:6)
  The ghost of Grorgnorb the Sneak, a weakling VSDe (D:6)
  422 foxfires
  12 fungi
  15 plants
455 creatures vanquished.

Grand Total: 749 creatures vanquished

Notes
Turn   | Place    | Note
-------+----------+-------------------------------------------
     0 | D:1      | unlimited1921 the Djinni Fire Elementalist began the quest
                  | for the Orb.
     0 | D:1      | unlimited1921 set off with the following spells memorised:
                  | Foxfire, Scorch, Conjure Flame, Inner Flame, Flame Wave.
     0 | D:1      | Reached XP level 1. HP: 15/15 MP: 0/0
   570 | D:1      | Reached XP level 2. HP: 14/21 MP: 0/0
  1253 | D:1      | Reached skill level 3 in Spellcasting
  1502 | D:1      | Reached XP level 3. HP: 23/25 MP: 0/0
  1502 | D:1      | Learned a level 1 spell: Shock
  1883 | D:1      | Found a faded altar of an unknown god.
  1993 | D:1      | Found Siatemp's Antique Armour Shoppe.
  3395 | D:2      | Reached XP level 4. HP: 27/31 MP: 0/0
  4609 | D:2      | Noticed Natasha
  4613 | D:2      | Killed Natasha
  4614 | D:2      | Reached XP level 5. HP: 31/35 MP: 0/0
  4614 | D:2      | Learned a level 2 spell: Wereblood
  4659 | D:2      | Noticed Natasha
  4662 | D:2      | Killed Natasha
  4663 | D:2      | Reached skill level 4 in Spellcasting
  5595 | D:3      | Found a sacrificial altar of Ru.
  7066 | D:4      | Noticed Grinder
  7087 | D:4      | Paralysed by Grinder for 5 turns
  7093 | D:4      | Killed Grinder
  7094 | D:4      | Reached skill level 5 in Spellcasting
  7094 | D:4      | Reached XP level 6. HP: 10/40 MP: 0/0
  7098 | D:4      | Noticed Robin
  7391 | D:4      | Killed Robin
  7832 | D:4      | Reached XP level 7. HP: 34/45 MP: 0/0
  7832 | D:4      | Learned a level 3 spell: Swiftness
  8090 | D:4      | Noticed Eustachio
  8196 | D:4      | Found a staircase to the Ecumenical Temple.
  8274 | D:4      | Found a hide-covered altar of Uskayaw.
  8344 | D:4      | Killed Eustachio
  8345 | D:4      | Reached skill level 1 in Ranged Weapons
  8933 | D:5      | Entered Level 5 of the Dungeon
  8933 | D:5      | Noticed a wyvern
  8938 | D:5      | Killed a wyvern
  8939 | D:5      | Reached skill level 6 in Spellcasting
  8939 | D:5      | Reached XP level 8. HP: 29/51 MP: 0/0
  9096 | D:5      | Found a sand-covered staircase.
  9115 | Ossuary  | Entered an ossuary
  9151 | Ossuary  | Reached skill level 1 in Evocations
  9330 | Ossuary  | Reached skill level 1 in Fighting
  9626 | Ossuary  | Reached skill level 1 in Armour
  9797 | D:5      | Reached XP level 9. HP: 25/58 MP: 0/0
  9797 | D:5      | Learned a level 3 spell: Summon Guardian Golem
  9798 | D:5      | Noticed Menkaure
  9798 | D:5      | Killed Menkaure
 10131 | D:5      | Reached skill level 7 in Spellcasting
 10853 | D:5      | Found Ufuu's Antique Armour Boutique.
 11123 | D:6      | Found a runed translucent gate.
 11123 | D:6      | Found a runed translucent gate.
 11123 | D:6      | Found a runed translucent gate.
 11124 | D:6      | Noticed Grorgnorb's ghost (weakling VSDe)
 11128 | D:6      | Noticed a kobold demonologist
 11153 | D:6      | Noticed a sun demon
 11157 | D:6      | Killed Grorgnorb's ghost
 11159 | D:6      | Noticed an orange demon
 11160 | D:6      | Killed a kobold demonologist
 11161 | D:6      | Reached skill level 8 in Spellcasting
 11161 | D:6      | Reached XP level 10. HP: 48/65 MP: 0/0
 11500 | D:6      | Found a glowing silver altar of Zin.
 12076 | D:7      | Reached skill level 9 in Spellcasting
 12201 | D:7      | Reached skill level 5 in Ranged Weapons
 13238 | D:7      | Noticed Joseph
 13735 | D:7      | Killed Joseph
 14538 | D:8      | Noticed a deep elf pyromancer
 14571 | D:8      | Reached XP level 11. HP: 37/71 MP: 0/0
 14571 | D:8      | Learned a level 4 spell: Ice Form
 14613 | D:8      | Noticed a cyclops
 14627 | D:8      | Killed a cyclops
 14654 | D:8      | Reached skill level 10 in Spellcasting
 15099 | D:8      | Found a staircase to the Lair.
 15106 | D:8      | Noticed a manticore
 15423 | D:8      | Killed a manticore
 15554 | D:8      | Killed a deep elf pyromancer
 16094 | Lair:1   | Entered Level 1 of the Lair of Beasts
 16851 | Lair:1   | Noticed Sonja
 16870 | Lair:1   | Killed Sonja
 16871 | Lair:1   | Reached skill level 11 in Spellcasting
 16871 | Lair:1   | Reached XP level 12. HP: 69/79 MP: 0/0
 17640 | Lair:2   | Identified the +3 robe of Ahafocoo {+Blink rF+ rCorr
                  | Slay-2}
 17851 | Lair:2   | Found a hole to the Spider Nest.
 18165 | Lair:2   | Reached skill level 5 in Fighting
 18401 | Lair:1   | Noticed a fire crab
 18438 | Lair:1   | Killed a fire crab
 19255 | Lair:2   | Found a staircase to the Swamp.
 20003 | Lair:2   | HP: 2/82 [blink frog (10)]
 20009 | Lair:2   | Mangled by a blink frog

Illustrated notes

Levels and vault maps discovered:
D:1:      wheals_arrival_linesprint, layout_loops_ring,
          hellmonk_ecumenical_altar_pennies_from_heaven, serial_shops, shop,
          minivault_4
D:2:      layout_loops_cross, uniq_natasha
D:3:      layout_basic, mainiacjoe_overflow_surrounded_room
D:4:      layout_basic, nicolae_uskayaw_dance_hall, temple_statues,
          uniq_grinder, uniq_eustachio, uniq_robin
D:5:      layout_cave_pools, mainiacjoe_overflow_catwalk,
          nicolae_ossuary_entry_ruins, serial_shops, kennysheep_little_box,
          uniq_menkaure
D:6:      layout_basic, kennysheep_mini_moat, gammafunk_ghost_nasty_kobolds
D:7:      layout_cave_pods, minmay_misc_feat_columns, roderic_roman_lattice,
          minmay_fractal_squares_gapless_5, uniq_joseph
D:8:      minmay_ornate_pinched, layout_gridville, enter_bailey_5
Lair:1:   layout_small_grid, beast_lair_carwin_8, uniq_sonja
Lair:2:   layout_cave_pods, swamp_mist, spider_nest_entry_a, lemuel_fruit_tree,
          lemuel_fruit_fields, lemuel_fruit_fields, infiniplex_staircase_pool_2
Lair:3:   nzn_winding_woodlands_huge [nzn_winding_woodlands_5x15_split_checker,
          nzn_winding_woodlands_5x15_river_crossing,
          nzn_winding_woodlands_5x15_parted,
          nzn_winding_woodlands_5x15_sawtooth,
          nzn_winding_woodlands_5x15_longhouse,
          nzn_winding_woodlands_5x15_zeroes, nzn_winding_woodlands_5x15_twine,
          nzn_winding_woodlands_5x15_default, nzn_winding_woodlands_5x15_garden,
          nzn_winding_woodlands_5x15_pool,
          nzn_winding_woodlands_center_triple_pond,
          nzn_winding_woodlands_center_garden,
          nzn_winding_woodlands_15x15_five_gardens], layout_gridlike,
          nicolae_lair_run_with_the_wolves

Skill      XL: |  1  2  3  4  5  6  7  8  9 10 11 12 |
---------------+-------------------------------------+-----
Spellcasting   | 3 5 6 8 9 11 | 11.8
Stealth        | 2 3 4 |  4.2
Ranged Weapons | 2 3 4 5 7 8 |  8.5
Evocations     | 1 |  1.3
Fighting       | 2 3 4 5 |  5.9
Armour         | 1 2 3 4 |  4.6
Dodging        | 3 4 |  4.3

Action                   |  1- 3 |  4- 6 |  7- 9 | 10-12 || total
-------------------------+-------+-------+-------+-------++-------
Melee: Unarmed           |       |       |       |     1 ||     1
 Fire: Shortbow          |       |       |    79 |    10 ||    89
       Arbalest          |       |       |       |   193 ||   193
 Cast: Foxfire           |    98 |   104 |    20 |    59 ||   281
       Scorch            |     1 |    15 |    48 |    62 ||   126
       Shock             |     1 |     4 |       |       ||     5
       Conjure Flame     |       |     3 |     1 |     7 ||    11
       Inner Flame       |       |     2 |    37 |    77 ||   116
       Swiftness         |       |       |     1 |     1 ||     2
       Flame Wave        |       |       |     2 |     9 ||    11
       Summon Guardian G |       |       |     5 |    17 ||    22
       Ice Form          |       |       |       |     2 ||     2
Evoke: Wand              |       |       |     4 |     7 ||    11
  Use: Scroll            |       |       |     6 |    11 ||    17
       Potion            |       |       |       |     5 ||     5
Armor: Robe              |     2 |     3 |     4 |       ||     9
       Leather armour    |       |       |     7 |    49 ||    56
       Skin              |       |       |       |    12 ||    12
Dodge: Dodged            |    15 |    14 |    29 |   140 ||   198
